[Event "XTX Markets London Masters 2024"]
[Site "London"]
[Date "2024.11.29"]
[Round "1.12"]
[White "Birkisson, Bjorn Holm"]
[Black "Gonzalez Garcia, Jose"]
[Result "0-1"]
[ECO "B31"]
[WhiteElo "2165"]
[BlackElo "2465"]
[Annotator "TA"]
[PlyCount "108"]
[EventDate "2024.11.28"]
[EventType "swiss"]
[EventCountry "ENG"]
[SourceTitle "playchess.com"]
[Source "ChessBase"]
[SourceQuality "1"]
[TimeControl "40/5400+30:1800+30"]

1. e4 c5 2. Nf3 Nc6 3. Bb5 g6 4. O-O Bg7 5. c3 Nf6 6. Re1 O-O 7. d4 d5 8. e5 Ne4 9. Bxc6 bxc6 10. Be3 $1 cxd4 11. cxd4 f6 12. Qc1 Qd7 13. exf6 exf6 14. Nbd2 Re8 15. Nxe4 dxe4 16. Qc4+ Qd5 17. Nd2 Be6 18. Rac1 Rac8 19. Qxd5 cxd5 20. Nb3 f5 21. g3 Kf7 22. Rxc8 (22. h4 $11) 22... Rxc8 $15 23. Rc1 Rc4 24. Rxc4 dxc4 {[%emt 0:00:06][%mdl 4096] Endgame KBB-KBN} 25. Nc1 {[%emt 0:01:29] [#]} g5 $1 26. Ne2 Bf6 27. Nc3 Bd7 28. Kg2 a6 29. f3 exf3+ 30. Kxf3 Kg6 31. b3 (31. Ne2 $15) 31... Be6 32. bxc4 Bxc4 33. g4 $2 (33. a3 $17 {was worth a try.}) 33... fxg4+ $19 34. Kxg4 h5+ 35. Kf3 Kf5 36. a3 Be7 37. Bc1 g4+ 38. Kg2 h4 39. Bb2 $2 (39. h3) 39... Bf6 (39... h3+ $142 40. Kg1 Bg5) 40. Nd1 {[%emt 0:00:17] Strongly threatening Ne3+.} h3+ 41. Kg3 Bg5 {[%emt 0:00:19] and ...Bf4+ should not be overlooked Prevents Ne3+.} 42. Nf2 Bf4+ 43. Kh4 Be2 {[%emt 0:01:39] A strong pair of Bishops.} ({Less strong is} 43... Bxh2 44. Nxg4 Bf4 45. Kxh3 $17) 44. Nxh3 gxh3 45. Kxh3 Bf1+ 46. Kh4 Bxh2 47. Bc3 Bg1 48. Kg3 Ke4 49. d5 Kxd5 50. Kf3 Kc4 51. Bb4 Bd3 52. Bd6 a5 53. Be7 a4 54. Kf4 Bd4 0-1

[Event "XTX Markets London Masters 2024"]
[Site "London"]
[Date "2024.11.29"]
[Round "1.13"]
[White "Wadsworth, Matthew J"]
[Black "Rocco, Federico"]
[Result "1-0"]
[ECO "E04"]
[WhiteElo "2461"]
[BlackElo "2154"]
[Annotator "TA"]
[PlyCount "137"]
[EventDate "2024.11.28"]
[EventType "swiss"]
[EventCountry "ENG"]
[SourceTitle "playchess.com"]
[Source "ChessBase"]
[SourceQuality "1"]
[TimeControl "40/5400+30:1800+30"]

1. d4 Nf6 2. c4 e6 3. g3 d5 4. Bg2 Nbd7 5. Nf3 dxc4 6. O-O Rb8 7. a4 b6 8. Nfd2 Ba6 9. Nc3 $1 Bb7 10. Bxb7 Rxb7 11. Nxc4 Bb4 12. Qb3 a5 13. Nb5 Nb8 14. Bf4 O-O 15. Qf3 Qd5 16. Qxd5 ({White should play} 16. Qd3 $14) 16... exd5 $11 17. Ne5 c6 18. Nc3 Re8 19. Rfc1 Nfd7 (19... h6 $11) 20. Nd3 Bxc3 (20... Bf8 $11 {keeps the balance.}) 21. Rxc3 $16 f6 22. h4 c5 (22... Rxe2 23. Be3 $16) 23. dxc5 bxc5 24. Nxc5 Rxb2 25. Bxb8 Nxc5 26. Rxc5 Rexb8 {[%emt 0:00:09][%mdl 4096] Endgame KRR-KRR} 27. e3 (27. Rxa5 Rd2 $16) 27... Rd2 28. Rxa5 Rbb2 29. Rf1 (29. Rb5 $1 $14 {feels stronger.} Rbc2 30. a5) 29... d4 (29... h5 $11) 30. exd4 $1 $18 Rxd4 31. Ra7 Rdd2 32. h5 Ra2 $2 (32... h6) 33. Rb1 Rdb2 34. Rxb2 Rxb2 {[%emt 0:00:05] [#] KR-KR. White is a pawn up.} 35. h6 gxh6 36. a5 Ra2 37. a6 h5 38. Kg2 $1 Ra3 39. Kf1 {[%emt 0:00:21] White is more active.} Ra2 (39... Kf8 $16 40. Rxh7 Ra1+ 41. Kg2 Rxa6) 40. Ke1 Kf8 41. Kd1 $1 (41. Rxh7 Rxa6 42. Rxh5 Kf7 $14) 41... Ke8 42. Kc1 (42. Rxh7 Ra1+ 43. Kd2 Rxa6 $11) 42... Kd8 43. Kb1 (43. Rxh7 Rxa6 44. Kd2 Ra5 $11) 43... Ra5 44. Kc2 (44. Rxh7 Rxa6 45. Kc2 Ra2+ 46. Kd3 Rxf2 $11) 44... Kc8 45. Kd3 (45. Rxh7 Rxa6 46. Rxh5 Ra2+ 47. Kd3 Rxf2 $11) 45... Ra4 46. Ke3 (46. Rxh7 Rxa6 47. Rxh5 Kd7 $11) 46... h4 (46... Kd8 {might work better.} 47. Kf3 (47. Rxh7 Rxa6 48. Rxh5 Ke7 $16) 47... Ke8) 47. gxh4 $1 ({Worse is} 47. Rxh7 hxg3 48. fxg3 Rxa6 $11) 47... h5 48. f4 {[%emt 0:01:24] and Ra8+ would now be decisive} Ra3+ $2 (48... f5 49. Rf7 Rxa6) 49. Ke4 Ra5 50. Rf7 (50. Rh7 $142 Rxa6 51. Kf5 (51. Rxh5 Kd7 $18)) 50... Rxa6 51. Kf5 Kd8 52. Rxf6 Ra1 53. Re6 (53. Rh6 $142 Ke8 54. Rxh5 Kf8 55. Rh7 Kg8 56. Rd7 Rh1 57. h5 Rc1 58. Kg5) 53... Kd7 54. Rh6 Ke7 55. Rxh5 Kf7 56. Rh7+ Kg8 57. Rb7 Rh1 {[%emt 0:00:00] [#]} 58. h5 $1 {[%emt 0:00:00] Intending Kf6 and mate.} Kf8 (58... Rc1 59. Kf6) 59. Kf6 Kg8 60. f5 (60. Rg7+ $142 Kf8 61. Rd7) 60... Ra1 61. h6 (61. Rg7+ $142 Kf8 62. h6) 61... Rh1 {[%emt 0:00:00] [#]} 62. Rg7+ $1 Kh8 63. Kf7 $2 (63. Re7) 63... Rxh6 $2 (63... Rf1 $18) 64. Rg8+ Kh7 65. Rg1 Kh8 66. f6 Rh7+ 67. Kf8 Rh2 68. f7 Kh7 69. Rf1 1-0

[Event "XTX Markets London Masters 2024"]
[Site "London"]
[Date "2024.11.29"]
[Round "1.14"]
[White "Bradbury, Neil H"]
[Black "Korneev, Oleg"]
[Result "0-1"]
[ECO "D11"]
[WhiteElo "2149"]
[BlackElo "2459"]
[Annotator "TA"]
[PlyCount "64"]
[EventDate "2024.11.28"]
[EventType "swiss"]
[EventCountry "ENG"]
[SourceTitle "playchess.com"]
[Source "ChessBase"]
[SourceQuality "1"]
[TimeControl "40/5400+30:1800+30"]

1. Nf3 d5 2. g3 Nf6 3. Bg2 Bf5 4. c4 c6 5. d4 e6 6. O-O Be7 7. Qb3 Qb6 8. c5 Qa6 9. Nc3 b6 (9... h6 10. Ne5 b6 11. e4 dxe4 12. Re1 Nbd7) 10. cxb6 axb6 11. Nh4 Be4 12. f3 Bg6 13. Nxg6 hxg6 14. e4 b5 (14... Nbd7 {is more complex.} 15. Bg5 e5 16. Be3 exd4 17. Bxd4 Bc5) 15. exd5 Nxd5 16. Nxd5 cxd5 17. Rd1 Qa4 {[%emt 0:24:54] And now ...Qxb3 would win.} 18. Qd3 b4 19. b3 Qd7 20. Bb2 (20. Be3 $11 {remains equal.}) 20... O-O $17 {[%emt 0:01:48] Black is more active.} 21. Bf1 Ra5 22. Qd2 Nc6 23. a4 $2 (23. Bd3 $17) 23... bxa3 $19 24. Bc3 Raa8 25. Bb5 Qb7 26. Ba4 Qb6 27. Kg2 Rfc8 28. Rac1 Nb4 29. Ba1 g5 30. Bc3 (30. Rc3 {was worth a try.}) 30... Rc7 31. Bxb4 (31. Ba1 $142) 31... Bxb4 32. Qxg5 a2 0-1

[Event "XTX Markets London Masters 2024"]
[Site "London"]
[Date "2024.11.29"]
[Round "1.15"]
[White "Willow, Jonah B"]
[Black "Li, Wenxiang"]
[Result "0-1"]
[ECO "B12"]
[WhiteElo "2454"]
[BlackElo "2145"]
[Annotator "TA"]
[PlyCount "82"]
[EventDate "2024.11.28"]
[EventType "swiss"]
[EventCountry "ENG"]
[SourceTitle "playchess.com"]
[Source "ChessBase"]
[SourceQuality "1"]
[TimeControl "40/5400+30:1800+30"]

1. e4 c6 2. d4 d5 3. e5 Bf5 4. Nf3 e6 5. Be2 Nd7 6. O-O Ne7 7. c3 h6 8. Nbd2 Bh7 9. a4 Nf5 (9... c5 $11) 10. a5 $14 a6 11. b4 Qc7 12. Nb3 O-O-O 13. Nc5 Bxc5 14. bxc5 f6 15. Kh1 ({White should play} 15. Bd3 $16) 15... Ne7 (15... fxe5 16. Nxe5 Nxc5 17. f3) 16. Qb3 (16. exf6 $16 gxf6 17. Re1 (17. Bxh6 Be4 $11)) 16... fxe5 $15 17. Nxe5 Nxe5 18. Bf4 (18. dxe5 $15 Qxe5 19. Re1) 18... N7g6 $1 $17 19. Bg3 {[%emt 0:00:09][%cal Of1e1] [#]} Rdf8 $1 20. f4 (20. dxe5 $17 Nf4 21. Rfe1) (20. Rfe1 Nf4) 20... h5 $1 $19 21. fxe5 {[%emt 0:15:08] [#]} (21. f5 $142 Rxf5 22. Bxe5 Nxe5 23. dxe5) 21... h4 $1 22. Bf2 {[%emt 0:00:08] [#]} Nf4 $1 23. Bf3 h3 (23... Bd3 24. Bg1 $19) 24. Bg3 hxg2+ (24... Bd3 $142 25. Rfd1 hxg2+ 26. Bxg2 Bc4) 25. Bxg2 Nxg2 26. Kxg2 Be4+ 27. Kg1 Qd8 ({Black should play} 27... Bd3 $19 28. Rf2 (28. Rxf8+ $2 Rxf8 29. Qa2 Rf3 $19) 28... Rxf2 29. Kxf2 Rf8+ 30. Kg1 Qe7) 28. Rxf8 $17 Rxf8 29. Rf1 (29. Re1 $17 {was called for.}) 29... Rxf1+ $19 30. Kxf1 Qxa5 {[%emt 0:01:55][%mdl 4096] Endgame KQB-KQB. Black is a pawn up.} 31. Qb2 {[%emt 0:00:29] Repels Qa1+} Qa4 32. Qe2 {[%emt 0:01:16] Prevents Qd1+.} Kb8 33. Be1 a5 34. c4 $2 (34. Qd2 {is the only way for White.}) 34... Qb3 (34... Qxc4 35. Qxc4 dxc4 36. Bxa5 $15) 35. Kg1 $2 (35. Kf2 a4 (35... Qxc4 36. Qxc4 dxc4 37. Bxa5 $17) 36. Qe3 Qb2+ (36... Qxc4 $2 37. h4 $19) 37. Qd2) 35... a4 {[%emt 0:00:28] ( -> ...a3)} ({Not} 35... Qxc4 36. Qxc4 dxc4 37. Bxa5 $17) 36. Qf2 Qd1 {[%emt 0:01:51] And now ...a3 would win.} 37. Kf1 a3 38. Qh4 Ka7 ({Worse is} 38... Qxd4 39. Qd8+ Ka7 40. Qa5+ Kb8 41. Qd8+ Ka7 42. Qb6+ Kb8 43. Qd8+ $11) 39. Qf2 dxc4 40. Qd2 Qf3+ 41. Bf2 Qd3+ 0-1

[Event "XTX Markets London Masters 2024"]
[Site "London"]
[Date "2024.11.29"]
[Round "1.17"]
[White "Roberson, Peter T"]
[Black "Fernandez, Michael"]
[Result "1-0"]
[ECO "B13"]
[WhiteElo "2432"]
[BlackElo "2138"]
[Annotator "TA"]
[PlyCount "53"]
[EventDate "2024.11.28"]
[EventType "swiss"]
[EventCountry "ENG"]
[SourceTitle "playchess.com"]
[Source "ChessBase"]
[SourceQuality "1"]
[TimeControl "40/5400+30:1800+30"]

1. e4 c6 2. d4 d5 3. exd5 cxd5 4. Bd3 Nc6 5. c3 Nf6 6. Bf4 Bg4 7. Qb3 Na5 8. Qa4+ Bd7 9. Qc2 Rc8 10. Nf3 Nc4 11. O-O e6 12. Nbd2 {[%emt 0:03:59] White is slightly better.} Qb6 13. Bxc4 dxc4 14. Ne5 Qb5 {[%emt 0:08:36] [#]} ({Better is} 14... Nd5 $14) 15. Ndf3 ({White should play} 15. b3 $1) 15... Be7 16. b3 cxb3 17. axb3 a6 18. c4 {[%emt 0:04:07] Strongly threatening Ng5.} Qb6 19. Ng5 {[%emt 0:07:44] White is much more active.} Rf8 (19... Qxd4 $142 20. Bg3 Bc6 (20... O-O $2 21. Rfd1 $18)) 20. Nxh7 Rh8 (20... Nxh7 $142 21. Qxh7 Qxd4) 21. Ng5 $18 ({Not} 21. Nxf6+ gxf6 22. Nxd7 Qxd4 $16) 21... Rh5 22. Nexf7 {[%emt 0:07:04] Black must now prevent Qg6.} Qxd4 (22... Kf8 $142 23. Ne5 Kg8) 23. Be5 Qg4 24. Qg6 {[%emt 0:02:04] Intending Nd6+ and mate.} Kf8 {[%emt 0:00:00] [#]} 25. Nh6 $1 {[%emt 0:02:20][%mdl 512] Excellent horsemanship.} Be8 {[%emt 0:00:00] Wards off Qf7+} (25... Qxg2+ 26. Kxg2) 26. Nh7+ Nxh7 27. Bxg7# {[%emt 0:00:08] Weighted Error Value: White=0.09 (flawless) /Black=0.84.  Mistake:       	White=1     	Black=4      Inaccurate:     	---       	Black=3      OK:         	White=5     	---        Best:        	White=3     	Black=1} 1-0

[Event "XTX Markets London Masters 2024"]
[Site "London"]
[Date "2024.11.29"]
[Round "1.18"]
[White "Smith, Andrew Philip"]
[Black "Kistrup, Nicolai"]
[Result "0-1"]
[ECO "C22"]
[WhiteElo "2136"]
[BlackElo "2420"]
[Annotator "TA"]
[PlyCount "118"]
[EventDate "2024.11.28"]
[EventType "swiss"]
[EventCountry "ENG"]
[SourceTitle "playchess.com"]
[Source "ChessBase"]
[SourceQuality "1"]
[TimeControl "40/5400+30:1800+30"]

1. e4 e5 2. d4 exd4 3. Qxd4 Nc6 4. Qe3 Nf6 5. Nc3 Bb4 6. Bd2 O-O 7. O-O-O Re8 8. Bc4 d6 9. Nf3 Na5 10. Be2 Bc5 11. Qf4 Nc6 12. Ng5 h6 13. h4 $1 Ne5 (13... hxg5 14. hxg5 Nh7 15. Rxh7 $18) 14. Qg3 Neg4 15. Bxg4 $1 Nxg4 16. Nh3 $1 Bd4 17. f3 Be5 18. Qe1 Nf6 19. g4 Nxg4 20. Qg1 (20. fxg4 $16 {and Nf2 should not be overlooked} Bxg4 21. Nf2 Bxd1 22. Qxd1) 20... Nh2 21. f4 Nf3 (21... Bxh3 $2 22. Rxh2 Bf6 (22... Bxc3 $2 23. Bxc3 f6 24. Rxh3 $18) 23. Rxh3 $18) 22. Qg3 Nxd2 $1 (22... Qxh4 $2 23. Qxf3 Qf6 24. f5 $18) 23. fxe5 Nc4 24. Rhg1 g6 25. exd6 $1 cxd6 (25... Bxh3 26. Qxh3 Nxd6 27. Qf3 (27. h5 g5 $16) 27... Qxh4 28. Nd5 $11) 26. Nf4 $1 Qb6 27. b3 Qe3+ 28. Qxe3 Nxe3 29. Rxd6 Kf8 (29... Rf8 $16 30. Nb5 b6) 30. Re1 $2 (30. Rg3 $18 Ng4 31. Nfd5) 30... Nf5 $1 $11 31. Nxg6+ {[%emt 0:03:05] A dynamic duo of knights.} Kg7 (31... fxg6 $6 32. Rxg6 Kf7 (32... Nxh4 $2 33. Rf1+ $18) 33. h5 $16 (33. Reg1 Nd4 $14)) 32. Rdd1 fxg6 33. exf5 Bxf5 34. Nd5 (34. Nb5 $11) 34... Rad8 $36 {[%emt 0:00:54][%mdl 2048] Black is on the roll.} 35. c4 Bg4 36. Rxe8 Rxe8 $15 {[%emt 0:00:03][%mdl 4096] Endgame KRB-KRN} 37. Rd4 h5 38. Nc3 (38. Kc2 $15) 38... Re1+ $17 39. Kd2 Rh1 40. Re4 (40. Ne4 $17) 40... Rh2+ $19 41. Ke3 Rh3+ (41... Rxh4 42. Re7+ Kh6 43. Rxb7 $17) 42. Kd2 b6 43. Re7+ Kf8 (43... Kh6 $17 44. Rxa7 Rxh4) 44. Rxa7 $11 Rxh4 45. Nd5 Rh1 46. Nf6 Bf5 47. Ke3 h4 48. Nh7+ Ke8 49. Ng5 h3 50. Nf3 (50. Rh7 $15) 50... Ra1 (50... Bg4 $142 $1 51. Rh7 Bh5 52. Rh8+ Kf7 53. Ng5+ Kf6 54. Nxh3 Rxh3+ 55. Kf2 Rf3+ 56. Kg2 Rc3) 51. Nh2 $2 (51. Rh7 $17) 51... Rg1 52. Nf3 (52. Ra8+ $142 Ke7 53. Rh8) 52... Rg2 (52... g5 $19 {has better winning chances.} 53. Ra8+ (53. Nxg1 $2 h2 $19) 53... Kf7 54. Ra7+ (54. Nxg1 $2 h2 $19) 54... Kg6) 53. Rh7 $17 {[%emt 0:00:56] [#]} Rxa2 (53... Bg4 $142 $1 {[%cal Rg4h5] ...Bh5! is the strong threat.} 54. Rh4 Kf8) 54. Nh4 Bc2 55. Nf3 Bxb3 56. Kd4 {[%emt 0:00:29] [#]} ({White should play} 56. Rxh3 Bxc4 57. Rh8+ Kf7 58. Ne5+ Kg7 59. Rb8) 56... Rc2 (56... Ra4 $142 $1 57. Rxh3 Bxc4 (57... Rxc4+ $2 58. Ke5 $19) 58. Rh8+ Ke7) 57. Kd3 Rxc4 (57... Bxc4+ $2 {is the wrong capture.} 58. Kxc2 Be6 59. Ng5 Bf5+ 60. Kc3 $18) 58. Nd2 {[%emt 0:00:10] Wards off b5} (58. Ne5 $17 {is a better defense.} Rf4 (58... Rc5 59. Rh8+ Ke7 60. Nxg6+ Kf7 61. Nf4 $15) 59. Rxh3) 58... Rc5 59. Nxb3 $4 (59. Rxh3 $17 Bd5 60. Rh7) 59... Rh5 0-1

[Event "XTX Markets London Masters 2024"]
[Site "London"]
[Date "2024.11.29"]
[Round "1.19"]
[White "Zhou, Yang-Fan"]
[Black "Marentini, Marcel"]
[Result "1-0"]
[ECO "B56"]
[WhiteElo "2418"]
[BlackElo "2135"]
[Annotator "TA"]
[PlyCount "59"]
[EventDate "2024.11.28"]
[EventType "swiss"]
[EventCountry "ENG"]
[SourceTitle "playchess.com"]
[Source "ChessBase"]
[SourceQuality "1"]
[TimeControl "40/5400+30:1800+30"]

1. e4 c5 2. Nf3 d6 3. d4 cxd4 4. Nxd4 Nf6 5. Nc3 a6 6. Nb3 Nc6 7. Be3 e6 8. g4 h6 9. h4 {[%emt 0:08:50] White is slightly better.} Be7 10. Qe2 b5 11. O-O-O Qc7 12. Rh3 (12. Rg1 $14) 12... b4 13. Na4 e5 {[%emt 0:02:46] White now steadily converts the win.} (13... Ne5 $14) 14. Nb6 $16 Rb8 {[%emt 0:00:32] [#]} 15. Nxc8 Qxc8 16. g5 (16. Qxa6 Nxg4 17. Qe2 Nxe3 18. fxe3 Kf8 $14) 16... hxg5 17. hxg5 (17. Bxg5 $6 a5 $11) 17... Rxh3 18. Bxh3 (18. gxf6 {with more complications.} Bxf6 19. Bxh3 Qxh3 20. Qc4) 18... Qxh3 19. gxf6 gxf6 20. Qxa6 Qc8 21. Qd3 $36 {[%emt 0:10:45][%mdl 2048] White is on the roll. White has more active pieces.} Bf8 22. Rh1 Qg4 (22... Qc7 $16 23. Nd2 Na5) 23. Nd2 $18 Rd8 24. b3 {[%emt 0:09:19] Threatens to win with f3.} Bg7 (24... Nd4 {might work better.} 25. Bxd4 exd4) 25. Qb5 Qc8 26. Nc4 Kf8 27. Rd1 Qa8 $2 (27... Kg8 28. Bb6 (28. Rxd6 Nd4 $18) (28. Nxd6 Qc7 $18) 28... Nd4 29. Qxb4 (29. Bxd4 exd4 30. Qb6 Re8 $18) 29... Qb7 30. Nxd6 Qb8) 28. Rxd6 {[%emt 0:02:19] White is clearly winning.} Rxd6 (28... Nd4 $142 29. Rxd8+ (29. Qxb4 Kg8 $18) 29... Qxd8 30. Qxb4+ Kg8) 29. Nxd6 {[%emt 0:00:04] [#] Strongly threatening Qd5.} Nd4 30. Qd7 {[%emt 0:03:41] Weighted Error Value: White=0.18 (very precise) /Black=0.46.  Mistake:       	White=1     	Black=5      Inaccurate:     	White=1     	Black=5      OK:         	White=12    	Black=7      Best:        	White=1     	---} 1-0

[Event "XTX Markets London Masters 2024"]
[Site "London"]
[Date "2024.11.29"]
[Round "1.20"]
[White "Subramanian, Anusha"]
[Black "Golding, Alex"]
[Result "0-1"]
[ECO "D00"]
[WhiteElo "2131"]
[BlackElo "2404"]
[Annotator "TA"]
[PlyCount "80"]
[EventDate "2024.11.28"]
[EventType "swiss"]
[EventCountry "ENG"]
[SourceTitle "playchess.com"]
[Source "ChessBase"]
[SourceQuality "1"]
[TimeControl "40/5400+30:1800+30"]

1. d4 Nf6 2. Bg5 d5 3. e3 h6 4. Bh4 Nbd7 5. Nd2 e6 6. Bd3 c5 7. c3 Qb6 8. Rb1 e5 9. dxe5 Nxe5 10. Ndf3 (10. Bc2 $11) 10... Nxd3+ $15 11. Qxd3 Be7 12. Ne2 g6 13. Bxf6 Bxf6 14. Ng3 {[%emt 0:05:23] Dodges Bf5} (14. Qd2 $11 {keeps the balance.}) 14... Bd7 15. Qd2 Bb5 16. h4 (16. b4 $142) 16... h5 (16... O-O-O $142 17. h5 g5) 17. Rd1 ({White should play} 17. Qxd5 Rd8 18. Qb3 (18. Qe4+ Kf8 $15)) 17... Rd8 $17 18. Ne2 O-O 19. O-O Qe6 20. b4 (20. Nf4 $17 Qf5 21. Nxd5 (21. Rfe1 Bc6 $17)) 20... b6 ({Better is} 20... Qa6 $19 21. Rfe1 Bxe2 22. Qxe2 (22. Rxe2 $2 Bxc3 23. Qc2 Bxb4 $19) 22... Bxc3 23. Qxa6 bxa6 24. bxc5 Bxe1 25. Nxe1 Rb8) 21. Rb1 Bc6 {[%emt 0:00:06] Black is much more active. This pair of bishops is nice.} 22. b5 (22. bxc5 $17 bxc5 23. Nf4) 22... Bb7 23. Ng3 Qg4 24. Qc2 Rfe8 25. Rfe1 (25. Rb3) 25... Bxh4 $19 26. Nxh4 Qxh4 27. Rbd1 Qg5 28. Nf1 {[%emt 0:00:39] [#]} d4 $1 29. f4 (29. e4 dxc3) 29... Qf6 ({But not} 29... Be4 $2 30. Qxe4 (30. fxg5 $2 {too greedy.} Bxc2 31. Rd2 d3 $19) 30... Rxe4 31. fxg5 $18) 30. cxd4 cxd4 31. Qc7 Be4 {[%emt 0:03:22] Threatens to win with ...Rc8.} 32. Ng3 (32. exd4 $17 Rxd4 33. Ng3) 32... d3 33. Nxe4 Rxe4 34. Qxa7 (34. Rd2 {was necessary.}) 34... Qe6 35. Kf2 (35. Qc7 $142 Rd6 36. Kh2) 35... Rc4 {[%emt 0:01:53] ( -> ...Rc2+)} 36. Rd2 Rc2 37. Red1 Re8 38. e4 Qxe4 39. Qxb6 Rxd2+ 40. Rxd2 Qxf4+ 0-1

[Event "XTX Markets London Masters 2024"]
[Site "London"]
[Date "2024.11.29"]
[Round "1.21"]
[White "Pert, Richard G"]
[Black "Smith, Olivia"]
[Result "1/2-1/2"]
[ECO "A49"]
[WhiteElo "2399"]
[BlackElo "2129"]
[Annotator "TA"]
[PlyCount "47"]
[EventDate "2024.11.28"]
[EventType "swiss"]
[EventCountry "ENG"]
[SourceTitle "playchess.com"]
[Source "ChessBase"]
[SourceQuality "1"]
[TimeControl "40/5400+30:1800+30"]

1. d4 Nf6 2. Nf3 g6 3. g3 Bg7 4. Bg2 c5 5. dxc5 Qa5+ 6. c3 Qxc5 7. Be3 Qc7 8. Na3 O-O 9. O-O Nc6 10. Nb5 Qa5 11. a4 d6 12. Rc1 (12. b4 $5 Qd8 $8 13. Nfd4 $11) 12... Bd7 13. b4 Qd8 14. Qb3 a6 15. Nbd4 Ng4 16. Bd2 Rc8 17. h3 {[%emt 0:08:30] Nxc6 is the strong threat.} Nf6 18. Rfd1 Nxd4 19. Nxd4 e5 20. Nf3 Be6 21. Qc2 Bf5 22. Qb3 Be6 23. Qc2 $1 Bf5 24. Qb3 1/2-1/2

[Event "XTX Markets London Masters 2024"]
[Site "London"]
[Date "2024.11.29"]
[Round "1.22"]
[White "Kovalskyi, Roman"]
[Black "Efroimski, Marsel"]
[Result "0-1"]
[ECO "C54"]
[WhiteElo "2124"]
[BlackElo "2397"]
[Annotator "TA"]
[PlyCount "114"]
[EventDate "2024.11.28"]
[EventType "swiss"]
[EventCountry "ENG"]
[SourceTitle "playchess.com"]
[Source "ChessBase"]
[SourceQuality "1"]
[TimeControl "40/5400+30:1800+30"]

1. e4 e5 2. Nf3 Nc6 3. Bc4 Bc5 4. c3 Nf6 5. d3 d6 6. O-O O-O 7. a4 a5 8. Be3 Bxe3 9. fxe3 Ne7 10. Nbd2 c6 11. Ba2 Ng6 12. Nc4 Qc7 13. Qb3 Ra6 14. Qa3 Rd8 $1 15. b4 (15. Ncd2 $15) 15... axb4 $1 $17 16. cxb4 d5 (16... b5 $17 {[%cal Oa6a4] and ...Rxa4! should not be overlooked} 17. Na5 bxa4) 17. Ncd2 h6 18. exd5 Nxd5 (18... cxd5 $17 19. b5 Ra8) 19. d4 Qe7 20. Bxd5 Rxd5 (20... cxd5 21. b5 Rad6 22. dxe5 Nxe5 23. Nxe5 Qxe5 24. Nf3) 21. Nb3 (21. Qc3 $11) 21... e4 {[%emt 0:10:59] Black is more active.} (21... Bg4 $17) 22. Nfd2 $11 b6 {[%emt 0:02:26] Against Nc5} 23. Qc1 {[%emt 0:01:34][%cal Ob4b5] b5! is in the air} Bb7 (23... Qxb4 $11 24. Qxc6 Be6) 24. Qc4 (24. Qc3 $16) 24... Nh4 $14 25. Rf4 f5 26. a5 Qg5 (26... Kh7 $11) 27. Qe2 (27. Rxh4 $16 Qxh4 28. b5 cxb5 29. Qc7 bxa5 (29... Qg5 $2 30. Qxb7 bxa5 31. Qxd5+ $18) 30. Qxb7) 27... Ng6 (27... Ra7 $11 {remains equal.}) 28. Rff1 $16 Qe7 (28... Bc8 $16 {is a better defense.}) 29. Qc4 $2 ({White must play} 29. Nc4 $1 $18 ) 29... Kh7 $1 $14 30. axb6 Rxb6 31. Nc5 Bc8 32. Ra8 Be6 33. Nxe6 (33. Qc3 $14) 33... Qxe6 $11 34. Nb3 Qe7 35. Nc5 Qg5 36. Qc3 Nh4 37. Rf2 Nf3+ 38. Kh1 Qh4 $40 {[%emt 0:00:14][%csl Gf3,LRf2,LRh2][%cal Rh4h2][%mdl 128] Black is up to no good.} 39. g3 Qf6 40. Re8 ({White should try} 40. Rfa2 $11) 40... Qf7 $15 41. Rc8 Qa7 (41... Rd6 $15) 42. Ne6 $11 {[%emt 0:11:43] Strongly threatening Nf8+.} Qa4 43. Rc2 $2 {[%emt 0:01:32][%mdl 8192] [#]} (43. Qc1 $11 Ra6 44. Nf8+ (44. Rc7 Ra7 $11) 44... Kg8 45. Ng6+ Kh7 46. Nf8+) 43... Qa6 $1 $19 44. Nf8+ (44. Rxc6 $2 Qf1#) 44... Kg8 45. Ng6+ (45. Qc4 {was the only defense.} Qxc8 46. Qxd5+ cxd5 47. Rxc8 Rxb4 48. Nd7+ Kf7 49. Rc7) 45... Kf7 $1 46. Nh8+ {[%emt 0:00:23] [#]} (46. Rxc6 $2 Qf1#) 46... Ke7 $1 47. Qc4 (47. Rxc6 $2 Qf1#) ({Don't play} 47. Rc7+ Kd8 48. Kg2 (48. Rxg7 $2 Qf1#) (48. b5 $2 Qxb5 49. Qa1 Qb1+ 50. Qxb1 Rxb1+ 51. Kg2 Kxc7 $19) 48... Kxc7) 47... Qxc8 48. Qxd5 cxd5 (48... Qxh8 $2 {too greedy.} 49. Qc5+ (49. Qxf5 Qb8 $18) 49... Kf6 50. Qxb6 $18) 49. Rxc8 Rxb4 {[%emt 0:00:14][%mdl 4096] Endgame KRN-KRN. Black is a pawn up.} 50. Ng6+ Kf6 51. Rc6+ Kf7 52. Ne5+ $2 (52. Kg2 Rb2+ 53. Kf1 Nxh2+ (53... Rxh2 54. Nf4 $17) 54. Ke1) 52... Nxe5 53. dxe5 Rb3 54. Rd6 Rxe3 55. Rxd5 Rd3 56. Ra5 Ke6 57. Kg1 g5 0-1